 Dungeon Crawl Stone Soup version 0.25-b1-50-g7b83aa72e5 (webtiles) character file.

Game seed: 10435858049444711165

(classic levelgen) 269 EnegeticOcto the Skirmisher (level 6, 0/56 HPs)
             Began as a Minotaur Fighter on June 12, 2020.
             Slain by Edmund
             ... wielding a +0 vorpal dire flail
              (10 damage)
             ... on level 3 of the Dungeon.
             The game lasted 00:01:38 (2617 turns).

EnegeticOcto the Skirmisher (Minotaur Fighter)      Turns: 2617, Time: 00:01:38

Health: 0/56       AC:  8    Str: 20    XL:     6   Next: 1%
Magic:  5/5        EV:  8    Int:  5    God:
Gold:   108        SH:  9    Dex: 12    Spells: 5/5 levels left

rFire    . . .     SeeInvis +   a - +0 war axe
rCold    . . .     Gourm    .   c - +0 kite shield
rNeg     . . .     Faith    .   b - +0 scale mail
rPois    .         Spirit   .   (helmet restricted)
rElec    .         Reflect  .   (no cloak)
rCorr    .         Harm     .   (no gloves)
MR       .....                  d - +0 pair of boots
Stlth    ..........             (no amulet)
HPRegen  0.18/turn              p - ring of see invisible
MPRegen  0.09/turn              q - ring of attention (curse)

@: no status effects
A: retaliatory headbutt, horns 2
a: no special abilities


You were on level 3 of the Dungeon.
You were not hungry.

You visited 1 branch of the dungeon, and saw 4 of its levels.

You collected 108 gold pieces.

Inventory:

Hand Weapons
 a - a +0 war axe (weapon)
Armour
 b - a +0 scale mail (worn)
 c - a +0 kite shield (worn)
 d - a +0 pair of boots (worn)
Jewellery
 p - a ring of see invisible (left hand)
 q - a cursed ring of attention (right hand)
Scrolls
 i - a scroll of fog {unknown}
 l - a scroll of enchant armour {unknown}
 n - a scroll of teleportation {unknown}
Potions
 f - a potion of lignification {@q7}
 h - a potion of berserk rage {unknown}
 j - a potion of ambrosia
 k - a potion of might {@q3}
 m - 3 potions of curing {@q1}
 o - a potion of invisibility {unknown}
 r - a potion of flight {unknown}
Comestibles
 e - 6 rations


   Skills:
 * Level 5.3 Fighting
 * Level 4.4 Axes
 + Level 4.5 Armour
 + Level 2.2 Dodging
 + Level 4.5 Shields


You had 5 spell levels left.
You didn't know any spells.
Your spell library was empty.

Dungeon Overview and Level Annotations

Branches:
Dungeon (4/15)             Temple (0/1) D:4

Altars:
Makhleb

Annotations:
D:3 Edmund


Innate Abilities, Weirdness & Mutations

You reflexively headbutt those who attack you in melee.
You have a pair of horns on your head.


Message History

Found 10 gold pieces and 2 dark potions.
A gnoll comes into view. It is wielding a +0 flail.
You block the gnoll's attack.
You barely miss the gnoll.
Your shield and scale mail prevent you from hitting the gnoll.
You block the gnoll's attack. The gnoll completely misses you.
You slash the gnoll!
The gnoll is severely wounded.
The gnoll barely misses you. The gnoll closely misses you.
You closely miss the gnoll. You headbutt the gnoll.
The gnoll is almost dead.
You hit the gnoll but do no damage. The gnoll hits you but does no damage.
You block the gnoll's attack. The gnoll closely misses you.
You furiously retaliate!
You headbutt the gnoll, but do no damage.
Your shield and scale mail prevent you from hitting the gnoll.
The gnoll is almost dead.
You slash the gnoll! You block the gnoll's attack.
The gnoll completely misses you. The gnoll barely misses you.
You block the gnoll's attack.
You barely miss the gnoll.
The gnoll is almost dead.
You closely miss the gnoll. You block the gnoll's attack.
The gnoll hits you with a +0 flail. The gnoll hits you but does no damage.
The gnoll misses you.
You closely miss the gnoll. You headbutt the gnoll.
You kill the gnoll!
You hit the gnoll. You block the gnoll's attack. x2
The gnoll hits you with a +0 flail!
You slash the gnoll!
You kill the gnoll!
You have reached level 6!
Your experience leads to an increase in your attributes!
Increase (s)trength, (i)ntelligence, or (d)exterity?
You feel agile. The gnoll closely misses you.
An orc comes into view. It is wielding a +0 club.
Edmund barely misses you. The gnoll barely misses you.
You see here a gnoll corpse.
The orc shouts!
You hit Edmund.
Edmund is lightly wounded.
You hit the gnoll but do no damage. Edmund barely misses you.
The gnoll hits you with a +0 halberd!
Your shield prevents you from hitting Edmund.
Edmund is lightly wounded.
You closely miss the gnoll. You block Edmund's attack.
You block the gnoll's attack. Edmund completely misses you.
You barely miss Edmund.
Edmund is lightly wounded.
You hit the gnoll. You block the gnoll's attack.
Edmund hits you with a +0 vorpal dire flail.
You slash Edmund!
Edmund is moderately wounded.
You hit the gnoll. The gnoll hits you with a +0 halberd.
Edmund closely misses you. You furiously retaliate!
You headbutt Edmund! You closely miss Edmund.
Edmund is heavily wounded.
You closely miss the gnoll. You block the gnoll's attack.
Edmund hits you with a +0 vorpal dire flail!
You are too injured to fight recklessly!
You are too injured to fight recklessly!
You are too injured to fight recklessly!
You are too injured to fight recklessly!
You are too injured to fight recklessly!
You are too injured to fight recklessly!
You are too injured to fight recklessly!
You are too injured to fight recklessly!
You are too injured to fight recklessly!
You are too injured to fight recklessly!
You are too injured to fight recklessly!
You are too injured to fight recklessly!
You barely miss the gnoll.
The gnoll is moderately wounded.
Your shield and scale mail prevent you from hitting Edmund.
The gnoll hits you with a +0 halberd!
* * * LOW HITPOINT WARNING * * *
Edmund hits you with a +0 vorpal dire flail.
* * * LOW HITPOINT WARNING * * *
x2
Okay, then.
A leopard gecko skeleton comes into view.
The gnoll hits you but does no damage.
Found a fizzy purple potion.
Found a staircase to the Ecumenical Temple.
You block Edmund's attack. You block the gnoll's attack.
Edmund says, "People will remember me!
They'll remember me and die!"
There is a stone staircase leading up here.
You block Edmund's attack.
You climb upwards.
There is a stone staircase leading down here.
Okay, then.
Press: ? - help, v - describe, . - travel
Here: Edmund, wielding a +0 vorpal dire flail and wearing a +0 ring mail (heavily wounded)
The floor.
Unknown command.
You hit Edmund. You headbutt Edmund.
Edmund is severely wounded.
Edmund hits you with a +0 vorpal dire flail!
You die...

......# .####.##### ######### .#
#......# #.......# .###..###.#
#.#####.. ......# #.# #.# #..
.##...###.# #.#####.# .###...##.#
#.#...... ........#.##########
#........ ##.........>...@@..#
#.#.###.# ##.....##########.#
#.#)###.# ##...## #.# #.......#
##.## #.# #.#..##.# ##'## #.#
#.##.##.# ##...## #.# #.##.##.#
##.....## ####.# #.......#
##.......## ##.##.## #........
#.........####......#####.##...#.


You could see Edmund.

Vanquished Creatures
  Terence (D:3)
  Natasha (thrice) (D:3)
  A worker ant (D:4)
  3 gnolls
  2 adders (D:4)
  3 worms
  4 dart slugs
  2 leopard geckos (D:1)
  3 orcs
  5 ball pythons
  3 giant cockroaches
  8 goblins
  9 hobgoblins
  11 jackals
  7 kobolds
  A quokka (D:3)
  2 bats (D:3)
  4 frilled lizards
  5 rats
77 creatures vanquished.

Notes
Turn   | Place    | Note
-------+----------+-------------------------------------------
     0 | D:1      | EnegeticOcto the Minotaur Fighter began the quest for the
                  | Orb.
     0 | D:1      | Reached XP level 1. HP: 19/19 MP: 0/0
    35 | D:1      | Reached XP level 2. HP: 26/27 MP: 1/1
   110 | D:1      | Reached skill level 4 in Fighting
   263 | D:1      | Reached XP level 3. HP: 28/33 MP: 2/2
   506 | D:1      | Reached skill level 1 in Dodging
   798 | D:2      | Reached XP level 4. HP: 41/41 MP: 3/3
  1089 | D:3      | Noticed Natasha
  1093 | D:3      | Killed Natasha
  1303 | D:3      | Noticed Natasha
  1312 | D:3      | Killed Natasha
  1312 | D:3      | Reached XP level 5. HP: 40/47 MP: 4/4
  1431 | D:3      | Noticed Natasha
  1444 | D:3      | Killed Natasha
  1444 | D:3      | Reached skill level 5 in Fighting
  1870 | D:3      | Noticed Terence
  1878 | D:3      | Killed Terence
  2085 | D:3      | Found a burning altar of Makhleb.
  2582 | D:4      | Noticed Edmund
  2592 | D:4      | Reached XP level 6. HP: 45/56 MP: 5/5
  2600 | D:4      | Found a staircase to the Ecumenical Temple.
  2617 | D:3      | Slain by Edmund

Illustrated notes

Levels and vault maps discovered:
D:1:      lightli_arrival_lavapool, layout_rooms, minmay_pentomino_s4
D:2:      layout_rooms, minmay_misc_feat_x
D:3:      layout_loops_corners, marbit_many_paths, uniq_natasha, uniq_terence
D:4:      layout_rooms, gammafunk_temple_overflow_elements,
          nicolae_ru_path_of_blood, gammafunk_temple_overflow_wave,
          minmay_temple_entry_glass, first_ration, uniq_edmund

Skill      XL: |  1  2  3  4  5 |
---------------+----------------+-----
Fighting       | 4 5 |  5.3
Axes           | 3 4 |  4.4
Shields        | 4 |  4.5
Armour         | 4 |  4.5
Dodging        | 1 2 |  2.2

Action                   |  1- 3 |  4- 6 || total
-------------------------+-------+-------++-------
Melee: War axe           |    81 |   112 ||   193
       Headbutt          |     5 |    14 ||    19
  Use: Scroll            |       |     2 ||     2
       Potion            |       |     1 ||     1
  Eat: Chunk             |       |     6 ||     6
Armor: Scale mail        |    26 |    47 ||    73
       Skin              |       |     1 ||     1
Dodge: Dodged            |    32 |    57 ||    89
Block: Kite shield       |    34 |    71 ||   105
